 Dungeon Crawl Stone Soup version 0.27.0-1-g7a089689b8 (webtiles) character file.

Game seed: 11892289376052539251

59 Crownlay the Bolt Thrower (level 4, -1/28 HPs)
             Began as a Kobold Hunter on Aug 12, 2021.
             Slain by a goblin (2 damage)
             ... on level 2 of the Dungeon.
             The game lasted 00:03:54 (1529 turns).

Crownlay the Bolt Thrower (Kobold Hunter)           Turns: 1529, Time: 00:03:55

Health: -1/28      AC:  3    Str:  9    XL:     4   Next: 22%
Magic:  4/4        EV: 15    Int: 12    God:
Gold:   71         SH:  0    Dex: 16    Spells: 3/3 levels left

rFire    + + .     SeeInvis .   b - +0 short sword
rCold    + . .     Faith    .   (shield restricted)
rNeg     . . .     Spirit   .   c - +0 leather armour
rPois    +         Reflect  .   (no helmet)
rElec    +         Harm     .   (no cloak)
rCorr    +         Rampage  .   (no gloves)
Will     .....                  (no boots)
Stlth    +++.......             (no amulet)
HPRegen  0.09/turn              i - ring of protection from fire
MPRegen  0.09/turn              (no ring)

@: about to teleport, resistant
A: small, no large weapons, nightstalker 3
a: no special abilities


You were on level 2 of the Dungeon.
You visited 1 branch of the dungeon, and saw 2 of its levels.

You collected 71 gold pieces.

Inventory:

Hand Weapons
 a - a +1 hand crossbow
 b - a +0 short sword (weapon)
Armour
 c - a +0 leather armour (worn)
Jewellery
 i - a ring of protection from fire (left hand)
Scrolls
 f - a scroll of enchant armour
Potions
 g - a potion of curing


   Skills:
 + Level 3.0 Fighting
 + Level 5.3 Crossbows
 + Level 3.3 Dodging
 + Level 2.8 Stealth


You had 3 spell levels left.
You didn't know any spells.
Your spell library was empty.

Dungeon Overview and Level Annotations

Branches:
Dungeon (2/15)

Altars:

Shops:
D:2 !

Annotations:
D:2 Ijyb


Innate Abilities, Weirdness & Mutations

You are small and have problems with some larger weapons.
You are completely attuned to the shadows.


Message History

Ijyb barely misses you. The goblin hits you but does no damage.
Ijyb hits you with a +0 dagger.
You closely miss Ijyb.
Ijyb is severely wounded.
The goblin barely misses you. Ijyb barely misses you. The goblin misses you.
You hit Ijyb but do no damage.
Ijyb is severely wounded.
Ijyb hits you with a +0 dagger. The goblin hits you with a +0 dagger.
You hit Ijyb but do no damage.
Ijyb is severely wounded.
Ijyb barely misses you. The goblin closely misses you.
You hit Ijyb but do no damage.
Ijyb is severely wounded.
Ijyb closely misses you. The goblin completely misses you.
You hit Ijyb.
Ijyb is almost dead.
Ijyb hits you with a +0 dagger. The goblin hits you but does no damage.
You hit Ijyb but do no damage.
Ijyb is severely wounded.
Ijyb completely misses you. The goblin hits you but does no damage.
As you read the scroll labelled JILAFEADGHY, it crumbles to dust.
It is a scroll of identify.
f - a scroll of enchant armour Ijyb screams, "Me very upset!"
Ijyb closely misses you. The goblin misses you.
You barely miss Ijyb.
Ijyb is severely wounded.
Ijyb closely misses you. The goblin barely misses you.
You hit Ijyb but do no damage.
Ijyb is severely wounded.
Ijyb hits you with a +0 dagger.
* * * LOW HITPOINT WARNING * * *
The goblin hits you with a +0 dagger.
* * * LOW HITPOINT WARNING * * *
As you read the scroll labelled BEUSES UBUXI, it crumbles to dust.
You feel strangely unstable.
It was a scroll of teleportation.
Ijyb hits you with a +0 dagger.
* * * LOW HITPOINT WARNING * * *
The goblin hits you with a +0 dagger.
You die...

# ......'......# #
#........#####..#..( #
#........# #..#...
###........# #.....g
#....#############..#g
#.........|.......g>).....
#.....###############.....
#....)########............
#.....(.)g@....##......8.8
#....#(..g...####.....###
....#.......# ####'#..#
....+.......# #.#..#
......#..))...# #.#..#
#...#<#.......# #.#..#
#... #...#..#+##...+
..#..# ##.#.#...##.# #...#
#..### ##.#........#
###.#### #.†...


You could see Ijyb and a goblin.

Vanquished Creatures
  An adder (D:2)
  2 dart slugs (D:2)
  4 ball pythons
  3 endoplasms (D:1)
  A giant cockroach (D:1)
  7 goblins
  2 hobgoblins (D:1)
  4 jackals (D:1)
  3 kobolds
  3 quokkas
  4 bats (D:1)
  4 frilled lizards
  3 rats
41 creatures vanquished.

Notes
Turn   | Place    | Note
-------+----------+-------------------------------------------
     0 | D:1      | Crownlay the Kobold Hunter began the quest for the Orb.
     0 | D:1      | Reached XP level 1. HP: 12/12 MP: 1/1
   149 | D:1      | Reached XP level 2. HP: 18/18 MP: 2/2
   194 | D:1      | Reached skill level 5 in Crossbows
   455 | D:1      | Reached XP level 3. HP: 22/22 MP: 3/3
  1131 | D:2      | Found Ykhlielyu's Distillery.
  1236 | D:2      | Reached XP level 4. HP: 27/27 MP: 4/4
  1360 | D:2      | Noticed Ijyb
  1529 | D:2      | HP: 1/28 [Ijyb (4)]
  1529 | D:2      | Slain by a goblin

Illustrated notes

Levels and vault maps discovered:
D:1:      dpeg_arrival_pond, layout_basic
D:2:      kennysheep_the_goblin_king, layout_basic,
          hellmonk_ecumenical_altar_inner_sanctum, serial_shops, shop

Skill      XL: |  1  2  3  4 |
---------------+-------------+-----
Crossbows      | 5 |  5.3
Stealth        | 2 |  2.8
Dodging        | 3 |  3.3
Fighting       | 3 |  3.0

Action                   |  1- 3 |  4- 6 || total
-------------------------+-------+-------++-------
Melee: Short sword       |       |    34 ||    34
 Fire: Hand crossbow     |    72 |    14 ||    86
  Use: Potion            |       |     4 ||     4
       Scroll            |       |     2 ||     2
Armor: Leather armour    |     7 |     7 ||    14
Dodge: Dodged            |    16 |    36 ||    52
